 Dungeon Crawl Stone Soup version 0.24-b1 (webtiles) character file.

Game seed: 14285399511488739436, levelgen mode: deterministic

160 Arixos the Charmwright (level 5, -3/27 HPs)
             Began as a Vine Stalker Skald on Oct 13, 2019.
             Killed by nerve-wracking pain
             ... invoked by an orc priest
              (9 damage)
             ... on level 3 of the Dungeon.
             The game lasted 00:05:22 (1759 turns).

Arixos the Charmwright (Vine Stalker Skald)         Turns: 1759, Time: 00:05:23

Health: -3/27      AC:  7    Str: 14    XL:     5   Next: 41%
Magic:  0/10       EV: 11    Int: 13    God:
Gold:   121        SH:  0    Dex: 14    Spells: 6/9 levels left

rFire    . . .     SeeInvis .   a - +0 falchion
rCold    . . .     Gourm    .   (no shield)
rNeg     . . .     Faith    .   b - +0 leather armour
rPois    .         Spirit   +   (no helmet)
rElec    .         Reflect  .   (no cloak)
rCorr    .         Harm     .   l - +0 pair of gloves
MR       .....                  (no boots)
Stlth    +.........             (no amulet)
HPRegen  0.49/turn              e - +3 ring of protection
MPRegen  0.12/turn              (no ring)

@: very slightly contaminated, drained
A: fangs 2, regeneration 1, magic shield, antimagic bite, no potion heal 3, rot
immunity
a: no special abilities


You were on level 3 of the Dungeon.
You were hungry.

You visited 1 branch of the dungeon, and saw 3 of its levels.

You collected 121 gold pieces.

Inventory:

Hand Weapons
 a - a +0 falchion (weapon)
Armour
 b - a +0 leather armour (worn)
 l - a +0 pair of gloves (worn)
Jewellery
 e - a +3 ring of protection (left hand)
Wands
 c - a wand of disintegration (11)
Scrolls
 f - a scroll of remove curse {unknown}
 g - a scroll of immolation {unknown}
 h - a scroll of magic mapping {unknown}
 i - a scroll of identify {unknown}
 k - a scroll of amnesia {unknown}
Potions
 j - a potion of berserk rage {unknown}
Comestibles
 d - 9 rations


   Skills:
 + Level 2.3(1.7) Fighting
 + Level 2.2(1.6) Long Blades
 + Level 1.5(0.9) Armour
 + Level 2.1(1.4) Dodging
 + Level 1.8(1.1) Stealth
 + Level 2.9(2.2) Spellcasting
 + Level 3.6(2.9) Charms
 + Level 1.3(0.7) Translocations


You had 6 spell levels left.
You knew the following spells:

 Your Spells              Type           Power        Failure   Level  Hunger
a - Infusion              Chrm           #...         10%         1    ##.....
s - Shroud of Golubria    Chrm/Tloc      #.....       22%         2    ###....

Your spell library contained the following spells:

 Spells                   Type           Power        Failure   Level  Hunger
 Song of Slaying          Chrm           #.......     14%         2    ###....
 Regeneration             Chrm/Necr      #.........   45%         3    ####...
 Spectral Weapon          Hex/Chrm       #.......     45%         3    ####...


Dungeon Overview and Level Annotations

Branches:
Dungeon (3/15)

Altars:
Nemelex Xobeh
Zin


Innate Abilities, Weirdness & Mutations

You have extremely sharp teeth.
Your natural rate of healing is unusually fast.
When hurt, damage is shared between your health and your magic reserves.
Your bite disrupts and absorbs the magic of your enemies.
Potions cannot restore your health.
You are immune to rotting.


Message History

The orc priest is severely wounded.
The orc priest looks braver for a moment.
You hit the orc priest.
The orc priest is almost dead.
The orc priest hits you with a +0 hand axe.
Your shroud falls apart!
The orc priest misses you.
Casting: Shroud of Golubria (safe; 22% risk of failure)
Confirm with . or Enter, or press ? or * to list all spells.
You miscast Shroud of Golubria.
You are very lightly contaminated with residual magic.
Your skin glows momentarily.
You barely miss the orc priest.
The orc priest is almost dead.
The orc priest calls down the wrath of Beogh upon you.
Pain shoots through your body!
* * * LOW HITPOINT WARNING * * *
The orc priest mumbles some strange prayers to Beogh against you.
Pain shoots through your body!
You die...

......##..####.#.#
..#
##.##............# #
#.##
#........####.######
#......
#.#####............#
.#.#...
#.....รท.####.#####.#
.....#( #########
#.#####.##.......
#.##.[...........
#.##o##..#.......
#.##@##..#.......
#........##......
####.###.# ...... #.#
#.. ...oo. #.# ####
..... #.. .o... ###


You could see an orc priest.

Vanquished Creatures
  An orc priest (D:2)
  An orc wizard (D:3)
  4 adders
  An ooze (D:2)
  A worm (D:2)
  A dart slug (D:1)
  A leopard gecko (D:1)
  5 orcs
  3 giant cockroaches
  9 goblins
  3 hobgoblins
  2 jackals (D:2)
  6 kobolds
  A quokka (D:2)
  3 bats
  10 frilled lizards
  5 rats
57 creatures vanquished.

Notes
Turn   | Place    | Note
-------+----------+-------------------------------------------
     0 | D:1      | Arixos the Vine Stalker Skald began the quest for the Orb.
     0 | D:1      | Reached XP level 1. HP: 11/11 MP: 4/4
   228 | D:1      | Reached XP level 2. HP: 15/15 MP: 6/6
   238 | D:1      | Learned a level 2 spell: Shroud of Golubria
   394 | D:1      | Reached skill level 1 in Armour
   621 | D:1      | Reached XP level 3. HP: 12/18 MP: 3/7
  1024 | D:2      | Reached skill level 1 in Stealth
  1143 | D:2      | Gained mutation: Your natural rate of healing is unusually
                  | fast. [Vine Stalker growth]
  1143 | D:2      | Reached XP level 4. HP: 22/23 MP: 6/9
  1325 | D:2      | Found a sparkling altar of Nemelex Xobeh.
  1535 | D:2      | Found a glowing silver altar of Zin.
  1635 | D:3      | Reached skill level 1 in Translocations
  1635 | D:3      | Reached XP level 5. HP: 26/26 MP: 10/10
  1759 | D:3      | Killed from afar by an orc priest

Skill      XL: |  1  2  3  4 |
---------------+-------------+-----
Fighting       | 2 |  2.3
Armour         | 1 |  1.5
Long Blades    | 2 |  2.2
Stealth        | 1 |  1.8
Dodging        | 2 |  2.1
Translocations | 1 |  1.3
Spellcasting   | |  2.9
Charms         | |  3.6

Action                   |  1- 3 |  4- 6 || total
-------------------------+-------+-------++-------
Melee: Falchion          |    88 |    58 ||   146
       Bite              |    25 |    19 ||    44
 Cast: Shroud of Golubri |     4 |     8 ||    12
 Stab: Sleeping          |     1 |     1 ||     2
       Distracted        |       |     1 ||     1
  Eat: Chunk             |     1 |     2 ||     3
Armor: Leather armour    |    37 |    18 ||    55
Dodge: Dodged            |    67 |    33 ||   100
       Rpst.: Falchion   |    17 |     9 ||    26
